 Dungeon Crawl Stone Soup version 0.21.1-1-g345015f (webtiles) character file.

147 iamserjio the Charmwright (level 5, -4/43 HPs)
             Began as a Gnoll Skald on June 24, 2018.
             Killed by divine providence
             ... invoked by an orc priest
              (15 damage)
             ... on level 3 of the Dungeon.
             The game lasted 00:05:51 (682 turns).

iamserjio the Charmwright (Gnoll Skald)              Turns: 682, Time: 00:05:51

Health: -4/43      AC:  6    Str: 14    XL:     5   Next: 29%
Magic:  6/12       EV: 14    Int: 16    God:
Gold:   124        SH:  0    Dex: 14    Spells: 3/14 levels left

rFire    . . .     SeeInvis .   a - +0 hand axe
rCold    . . .     Gourm    .   (no shield)
rNeg     . . .     Faith    .   b - +0 leather armour
rPois    .         Spirit   .   (no helmet)
rElec    .         Reflect  .   e - +1 cloak
rCorr    .         Harm     .   j - +0 pair of gloves
MR       .....                  (no boots)
Stlth    ++........             (no amulet)
HPRegen  1.14/turn              (no ring)
MPRegen  0.13/turn              (no ring)

@: shrouded (expiring), regenerating
A: distributed training, fangs 1, strong nose
a: no special abilities


You were on level 3 of the Dungeon.
You were not hungry.

You visited 1 branch of the dungeon, and saw 5 of its levels.

You collected 124 gold pieces.

Inventory:

Hand Weapons
 a - a +0 hand axe (weapon)
Missiles
 n - 13 poisoned needles
Armour
 b - a +0 leather armour (worn)
 e - a +1 cloak (worn)
 j - a +0 pair of gloves (worn)
Scrolls
 f - a scroll of random uselessness {unknown}
 i - 2 scrolls of teleportation
Potions
 g - a potion of heal wounds {unknown}
 h - 2 potions of flight {unknown}
 l - a potion of berserk rage {unknown}
 m - 2 potions of haste {unknown}
Books
 c - a book of Battle

   Spells                             Type                      Level
   a - Infusion                       Charms                       1
   b - Shroud of Golubria             Charms/Translocation         2
   c - Song of Slaying                Charms                       2
   d - Spectral Weapon                Hexes/Charms                 3
   e - Regeneration                   Charms/Necromancy            3
Comestibles
 d - 4 rations


   Skills:
 + Level 4.7 Fighting
 + Level 1.4 Short Blades
 + Level 1.4 Long Blades
 + Level 4.7 Axes
 + Level 1.4 Maces & Flails
 + Level 1.4 Polearms
 + Level 1.4 Staves
 + Level 1.4 Slings
 + Level 1.4 Bows
 + Level 1.4 Crossbows
 + Level 1.4 Throwing
 + Level 2.9 Armour
 + Level 4.7 Dodging
 + Level 1.4 Stealth
 + Level 1.4 Shields
 + Level 1.4 Unarmed Combat
 + Level 5.1 Spellcasting
 + Level 1.1 Conjurations
 + Level 1.1 Hexes
 + Level 5.5 Charms
 + Level 1.1 Summonings
 + Level 1.1 Necromancy
 + Level 1.1 Translocations
 + Level 1.1 Transmutations
 + Level 1.1 Fire Magic
 + Level 1.1 Ice Magic
 + Level 1.1 Air Magic
 + Level 1.1 Earth Magic
 + Level 1.1 Poison Magic
 + Level 1.5 Invocations
 + Level 1.4 Evocations


You had 3 spell levels left.
You knew the following spells:

 Your Spells              Type           Power        Failure   Level  Hunger
a - Infusion              Chrm           ###.         1%          1    None
b - Song of Slaying       Chrm           ###.....     2%          2    #......
c - Shroud of Golubria    Chrm/Tloc      ##........   7%          2    #......
d - Regeneration          Chrm/Necr      ##........   14%         3    ###....
e - Spectral Weapon       Hex/Chrm       ##......     14%         3    ###....


Dungeon Overview and Level Annotations

Branches:
Dungeon (5/15)
 Temple: D:4-7

Altars:
Makhleb
Wu Jian

Annotations:
D:3 Shutra's ghost, amateur HuFi


Innate Abilities, Weirdness & Mutations

Your experience applies equally to all skills.
You have very sharp teeth.
Your uncanny sense of smell can sniff out nearby items.


Message History

You hear a shout!
You hear a shout!
Casting: Song of Slaying
Confirm with . or Enter, or press ? or * to list all spells.
Space distorts slightly along a thin shroud covering your body.
The orc hits you but does no damage.
You barely miss the orc. The orc barely misses you.
You slash the orc!
You kill the orc!
Casting: Shroud of Golubria
Confirm with . or Enter, or press ? or * to list all spells.
Okay, then.
Casting: Shroud of Golubria
Confirm with . or Enter, or press ? or * to list all spells.
Your skin crawls.
Your shroud begins to fray at the edges.
You hear a shout!
The orc priest calls down the wrath of Beogh upon you.
Beogh smites you!
You die...

.. #........ #
...........#
#........ #. .
........# #........
.###. .#.....#
#........ o...#
...?..# #........
#.#.##.....#
#........ #o♣.#
....# #........
#.####...#
#........
##.#@#...#
#........ ##o8.#..#
#........ ∆
##.#...####........
###...............
#.#####..._......
#.# #...8...### ...
#..._...# ...
##......# ###
###....#


You could see an orc priest.

Vanquished Creatures
  2 orc wizards (D:4)
  An orc priest (D:4)
  2 adders
  An ooze (D:3)
  A worm (D:3)
  A dart slug (D:3)
  6 orcs
  2 ball pythons
  3 giant cockroaches (D:3)
  4 hobgoblins
  3 jackals (D:2)
  A kobold (D:1)
  A frilled lizard (D:3)
  2 rats
30 creatures vanquished.

Vanquished Creatures (others)
  A spectral weapon (D:4)
1 creature vanquished.

Grand Total: 31 creatures vanquished

Notes
Turn   | Place    | Note
-------+----------+-------------------------------------------
     0 | D:1      | iamserjio the Gnoll Skald began the quest for the Orb.
     0 | D:1      | Reached XP level 1. HP: 20/20 MP: 6/6
   123 | D:2      | Reached XP level 2. HP: 26/26 MP: 3/7
   152 | D:2      | Learned a level 2 spell: Song of Slaying
   155 | D:2      | Learned a level 2 spell: Shroud of Golubria
   265 | D:3      | Noticed Shutra's ghost (amateur HuFi)
   275 | D:4      | Reached skill level 5 in Spellcasting
   275 | D:4      | Reached XP level 3. HP: 18/31 MP: 5/9
   291 | D:4      | Reached skill level 1 in Invocations
   295 | D:4      | Reached skill level 1 in Short Blades
   295 | D:4      | Reached skill level 1 in Long Blades
   295 | D:4      | Reached skill level 1 in Maces & Flails
   295 | D:4      | Reached skill level 1 in Polearms
   295 | D:4      | Reached skill level 1 in Staves
   295 | D:4      | Reached skill level 1 in Slings
   295 | D:4      | Reached skill level 1 in Bows
   295 | D:4      | Reached skill level 1 in Crossbows
   295 | D:4      | Reached skill level 1 in Throwing
   295 | D:4      | Reached skill level 1 in Stealth
   295 | D:4      | Reached skill level 1 in Shields
   295 | D:4      | Reached skill level 1 in Unarmed Combat
   295 | D:4      | Reached skill level 1 in Evocations
   295 | D:4      | Reached XP level 4. HP: 11/38 MP: 0/11
   301 | D:4      | Learned a level 3 spell: Regeneration
   305 | D:4      | Learned a level 3 spell: Spectral Weapon
   330 | D:5      | Entered Level 5 of the Dungeon
   503 | D:4      | Reached skill level 1 in Conjurations
   503 | D:4      | Reached skill level 1 in Hexes
   503 | D:4      | Reached skill level 1 in Summonings
   503 | D:4      | Reached skill level 1 in Necromancy
   503 | D:4      | Reached skill level 1 in Translocations
   503 | D:4      | Reached skill level 1 in Transmutations
   503 | D:4      | Reached skill level 1 in Fire Magic
   503 | D:4      | Reached skill level 1 in Ice Magic
   503 | D:4      | Reached skill level 1 in Air Magic
   503 | D:4      | Reached skill level 1 in Earth Magic
   503 | D:4      | Reached skill level 1 in Poison Magic
   513 | D:4      | Reached XP level 5. HP: 16/43 MP: 3/12
   646 | D:3      | Found a burning altar of Makhleb.
   648 | D:3      | Found an ornate altar of the Wu Jian Council.
   682 | D:3      | Killed from afar by an orc priest

Skill      XL: |  1  2  3  4 |
---------------+-------------+-----
Spellcasting   | 5 |  5.1
Invocations    | 1 |  1.5
Short Blades   | 1 |  1.4
Long Blades    | 1 |  1.4
Maces & Flails | 1 |  1.4
Polearms       | 1 |  1.4
Staves         | 1 |  1.4
Slings         | 1 |  1.4
Bows           | 1 |  1.4
Crossbows      | 1 |  1.4
Throwing       | 1 |  1.4
Stealth        | 1 |  1.4
Shields        | 1 |  1.4
Unarmed Combat | 1 |  1.4
Evocations     | 1 |  1.4
Conjurations   | 1 |  1.1
Hexes          | 1 |  1.1
Summonings     | 1 |  1.1
Necromancy     | 1 |  1.1
Translocations | 1 |  1.1
Transmutations | 1 |  1.1
Fire Magic     | 1 |  1.1
Ice Magic      | 1 |  1.1
Air Magic      | 1 |  1.1
Earth Magic    | 1 |  1.1
Poison Magic   | 1 |  1.1
Fighting       | |  4.7
Axes           | |  4.7
Armour         | |  2.9
Dodging        | |  4.7
Charms         | |  5.5

Action                   |  1- 3 |  4- 6 || total
-------------------------+-------+-------++-------
Melee: Hand axe          |    34 |    44 ||    78
       Bite              |     1 |     1 ||     2
 Cast: Infusion          |     3 |       ||     3
       Shroud of Golubri |     1 |     3 ||     4
       Song of Slaying   |     1 |     2 ||     3
       Regeneration      |       |     4 ||     4
       Spectral Weapon   |       |     3 ||     3
  Use: Scroll            |       |     3 ||     3
 Stab: Sleeping          |     1 |       ||     1
       Distracted        |       |     1 ||     1
Armor: Leather armour    |     6 |    16 ||    22
Dodge: Dodged            |    33 |    29 ||    62
